Map: Ascension to Aiur LE

Players

Lambo - Winner!

  • Race: Zerg Zerg
  • Spawn Location: 5:00

puCK (Nina)

  • Race: Protoss Protoss
  • Spawn Location: 11:00

Event: WCS Montreal 2017

VOD

Have the link to the VOD?

Description

Time

  • Played on: Sept. 8, 2017, 7:03 p.m.
  • Length: 8:13

All games in this series

Show
View Real Time Build Order
Export as new Build Order

Lambo Zerg - Winner!

Build Orders: Hatch First 

Get SALT Encoding   

  12  0:00  Drone  
  13  0:12  Overlord  
  13  0:17  Drone  
  14  0:30  Drone x2  
  14  0:34  Drone  
  17  0:51  Hatchery  
  17  0:54  Drone  
  17  0:58  Drone  
  18  1:09  Extractor  
  17  1:13  Spawning Pool  
  17  1:16  Drone  
  17  1:19  Drone  
  18  1:28  Drone  
  19  1:41  Overlord  
  19  1:50  Drone  
  20  1:59  Queen  
  20  2:00  Zergling x2  
  23  2:03  Queen  
  23  2:04  Zergling x2  
  26  2:09  Metabolic Boost  
  26  2:10  Drone  
  26  2:14  Drone  
  28  2:24  Drone  
  28  2:27  Drone  
  30  2:38  Hatchery  
  30  2:39  Drone  
  30  2:43  Drone  
  31  2:48  Pneumatized Carapace  
  31  2:54  Overlord  
  31  2:58  Drone x2  
  33  3:00  Drone  
  34  3:08  Drone x2  
  34  3:12  Drone x3  
  39  3:17  Queen  
  41  3:21  Overlord  
  41  3:25  Overlord  
  40  3:39  Zergling x2  
  40  3:40  Drone x2  
  43  3:46  Overlord  
  43  3:47  Drone x3  
  46  3:49  Overlord  
  46  3:51  Lair  
  46  3:54  Drone x3  
  49  4:04  Queen  
  49  4:06  Extractor  
  49  4:07  Drone x3  
  49  4:08  Drone  
  54  4:14  Drone x2  
  54  4:15  Baneling Nest  
  55  4:18  Overlord  
  55  4:21  Drone x2  
  55  4:24  Drone x2  
  59  4:29  Extractor x2  
  59  4:30  Drone x4  
  61  4:32  Drone  
  61  4:34  Drone  
  63  4:42  Overlord  
  63  4:43  Zergling x2  
  64  4:48  Zergling x8  
  64  4:49  Zergling x8  
  72  4:54  Hydralisk Den  
  72  4:58  Zergling x2  
  72  5:02  Zergling x4  
  72  5:04  Baneling x2  
  72  5:05  Baneling  
  74  5:07  Overseer  
  74  5:15  Zergling x2  
  74  5:16  Zergling x12  
  81  5:24  Muscular Augments  
  81  5:25  Overlord  
  81  5:27  Overlord  
  81  5:28  Overlord  
  80  5:40  Hydralisk  
  80  5:44  Overlord, Hydralisk x4  
  80  5:49  Hydralisk x3  
  88  5:52  Overlord  
  88  5:54  Overlord  
  88  5:55  Baneling x3  
  94  5:59  Zergling x6  
  94  6:01  Overlord x2  
  94  6:02  Overlord  
  97  6:06  Overlord  
  95  6:14  Hydralisk x3  
  95  6:15  Zergling x2  
  90  6:22  Hydralisk x3  
  96  6:29  Overlord, Hydralisk  
  98  6:35  Hydralisk  
  98  6:38  Hydralisk  
  102  6:43  Overlord, Hydralisk  
  102  6:46  Hydralisk  
  106  6:50  Hydralisk  
  108  7:00  Hydralisk x2  
  111  7:05  Hydralisk  
  111  7:06  Zergling x12  
  111  7:07  Zergling x6  
  122  7:12  Hydralisk  
  124  7:15  Overlord  
  124  7:16  Hydralisk  
  124  7:19  Zergling x10  
  124  7:20  Zergling x2  
  132  7:24  Hydralisk x2  
  132  7:28  Zergling x4  
  132  7:29  Baneling x2  
  138  7:30  Zergling x2  
  138  7:36  Hydralisk x2  
  139  7:37  Zergling x4  
  139  7:42  Baneling  
  139  7:43  Baneling  
  143  7:45  Overlord  
  143  7:46  Zergling x2, Hydralisk  
  143  7:47  Zergling x2  
  143  7:49  Overlord  
  137  7:51  Zergling x2  
Show
View Real Time Build Order
Export as new Build Order

puCK Protoss 

Build Orders: 1 Gate Expand, Zealot Archon, Archon Drop 

Get SALT Encoding   

  12  0:01  Probe (Chrono Boost)  
  13  0:11  Probe (Chrono Boost)  
  14  0:18  Pylon  
  14  0:22  Probe (Chrono Boost)  
  15  0:36  Probe (Chrono Boost)  
  15  0:38  Gateway  
  16  0:47  Probe (Chrono Boost)  
  16  0:48  Assimilator  
  17  0:57  Probe (Chrono Boost)  
  18  1:08  Probe (Chrono Boost)  
  19  1:22  Nexus  
  19  1:26  Probe (Chrono Boost)  
  20  1:36  Cybernetics Core  
  20  1:39  Probe (Chrono Boost)  
  21  1:46  Assimilator  
  21  1:50  Probe (Chrono Boost)  
  22  1:55  Pylon  
  22  2:00  Probe (Chrono Boost)  
  23  2:12  Warp Gate  
  23  2:13  Probe  
  23  2:14  Adept (Chrono Boost)  
  26  2:26  Probe  
  27  2:36  Mothership Core (Chrono Boost)  
  29  2:37  Stalker (Chrono Boost)  
  29  2:38  Probe (Chrono Boost)  
  32  2:49  Probe (Chrono Boost)  
  32  2:50  Twilight Council  
  33  2:55  Probe (Chrono Boost)  
  34  3:00  Probe (Chrono Boost)  
  36  3:05  Probe (Chrono Boost)  
  36  3:10  Probe (Chrono Boost)  
  37  3:13  Robotics Facility  
  37  3:16  Probe (Chrono Boost)  
  38  3:20  Charge (Chrono Boost)  
  38  3:21  Probe (Chrono Boost)  
  38  3:25  Probe (Chrono Boost)  
  40  3:31  Probe  
  40  3:34  Pylon  
  41  3:35  Probe  
  42  3:43  Probe  
  42  3:46  Probe  
  44  3:54  Gateway  
  44  3:55  Probe  
  44  3:56  Gateway  
  44  3:57  Gateway  
  44  3:58  Probe  
  44  4:02  Warp Prism (Chrono Boost)  
  48  4:07  Assimilator  
  48  4:08  Probe  
  48  4:09  Assimilator  
  49  4:11  Probe  
  50  4:18  Pylon  
  50  4:20  Probe  
  50  4:23  Probe  
  52  4:31  Templar Archives  
  52  4:32  Probe  
  56  4:38  Warp Prism (Chrono Boost)  
  56  4:44  Probe  
  56  4:46  Nexus  
  56  4:50  Pylon  
  56  4:51  Probe  
  57  4:55  Pylon  
  57  5:04  Probe  
  57  5:06  Probe  
  59  5:08  High Templar x2  
  59  5:09  High Templar  
  59  5:13  High Templar, Archon  
  67  5:16  Probe  
  68  5:24  Probe  
  69  5:29  Archon  
  69  5:37  Probe  
  69  5:40  Probe  
  71  5:46  Gateway  
  71  5:50  High Templar x2, Gateway  
  71  5:51  Zealot  
  71  5:52  Gateway  
  71  5:53  Probe  
  71  5:54  Gateway  
  71  5:55  Gateway, Archon  
  71  5:56  Probe, Gateway  
  78  5:57  Probe, Pylon  
  78  5:59  Pylon  
  80  6:05  Probe  
  80  6:06  Probe  
  80  6:09  Probe  
  83  6:17  Probe x2  
  80  6:21  Zealot x2  
  80  6:23  Psionic Storm  
  80  6:24  Probe  
  78  6:27  Probe, Forge  
  78  6:29  Probe  
  78  6:30  Immortal (Chrono Boost)  
  78  6:31  Assimilator  
  78  6:32  Assimilator  
  84  6:34  Zealot x2  
  84  6:36  Probe  
  84  6:38  Probe  
  90  6:42  Pylon  
  90  6:53  Robotics Facility  
  90  6:54  Pylon  
  90  6:57  High Templar x2  
  92  7:03  Probe  
  92  7:04  Immortal (Chrono Boost)  
  93  7:10  High Templar  
  93  7:11  Pylon  
  93  7:14  Gateway  
  95  7:16  Photon Cannon  
  95  7:17  Photon Cannon, Gateway  
  95  7:20  Gateway  
  95  7:21  Pylon  
  95  7:22  Sentry  
  95  7:23  Sentry  
  95  7:26  Pylon  
  95  7:29  Pylon  
  99  7:32  High Templar  
  99  7:35  Zealot x3  
  99  7:36  Zealot  
  113  7:47  Mothership Core  
  105  8:02  Zealot x6  
  105  8:03  Zealot  
Tags
 
Add a new tag
Caveats
  • Supply blocks, unpowered buildings, or Contaminate may cause inaccurate times.
  • Supply counts are checked every 10 seconds.